AoeStats
← [NAUT]SausageGuy

Glade

510890292Analyzed
1v1 RM · 12h ago on Oct 3, 2026· 23m 57s· 2 players
Game mode
Random Map
Map size
Tiny (2 player)
Population
200
Speed
Normal
Resources
Standard
Victory
Conquest
Starting age
Dark Age
Ending age
Imperial Age
RankedLock teamsTeams togetherTeam positionsShared explorationLock speedFull tech treeHidden civsTurbo modeCheats
Victory
Defeat
🇺🇸 Celts · United States
1467
+19
🇦🇷 Wu · Argentina
1536
-19
[NAUT]SausageGuy
2:36 Loom
2:56 Loom
10:28 Feudal Age
10:50 Man-at-Arms
12:43 Horse Collar
17:41 Castle Age
16:09 Scale Mail Armor
17:14 Forging
17:12 Double-Bit Axe
18:03 Long Swordsman
20:53 Gambesons
23:47 Chain Mail Armor
TQLeo
9:26 Feudal Age
9:36 Man-at-Arms
10:30 Double-Bit Axe
10:57 Loom
19:15 Castle Age
17:07 Horse Collar
17:50 Stone Mining
19:24 Fletching
19:28 Gold Mining
20:06 Town Watch
Connection lost

Rejoining the realm…

Still unreachable

The connection could not be restored.

Session expired

The server has moved on; the page needs a fresh start.